AoeStats
← Elmo

Oasis

508295435Analyzed
3v3 RM · 10d ago on Sep 21, 2026· 25m 46s· 6 players
Game mode
Random Map
Map size
Normal (6 player)
Population
200
Speed
Normal
Resources
Standard
Victory
Conquest
Starting age
Dark Age
Ending age
Imperial Age
RankedLock teamsTeams togetherTeam positionsShared explorationLock speedFull tech treeHidden civsTurbo modeCheats
Victory
Defeat
🇫🇷 Berbers · France
1345
+13
🇫🇷 Ethiopians · France
1300
+15
🇫🇷 Maya · France
1299
+15
🇬🇧 Hindustanis · United Kingdom
1332
-16
🇬🇧 Magyars · United Kingdom
1269
-14
🇬🇧 Vietnamese · United Kingdom
1251
-13
Elmo
6:26 Loom
12:42 Feudal Age
17:41 Castle Age
18:47 Scale Barding Armor
19:36 Double-Bit Axe
21:06 Elite Skirmisher
22:35 Padded Archer Armor
Mojojojo
8:29 Loom
10:45 Feudal Age
11:07 Horse Collar
11:13 Double-Bit Axe
14:15 Fletching
16:29 Padded Archer Armor
23:39 Wheelbarrow
26:21 Castle Age
24:53 Gold Mining
nickface
6:56 Loom
12:20 Feudal Age
12:54 Double-Bit Axe
12:53 Horse Collar
14:30 Gold Mining
18:10 Castle Age
19:56 Bloodlines
20:16 Scale Barding Armor
24:33 Wheelbarrow
Glork
6:44 Loom
9:05 Feudal Age
10:10 Double-Bit Axe
10:22 Horse Collar
16:43 Wheelbarrow
17:59 Scale Barding Armor
18:53 Forging
21:14 Castle Age
19:56 Gold Mining
20:35 Bloodlines
22:23 Chain Barding Armor
22:43 Husbandry
23:35 Iron Casting
25:54 Bow Saw
Dango
6:32 Loom
9:47 Feudal Age
10:35 Double-Bit Axe
11:22 Fletching
18:40 Wheelbarrow
20:31 Castle Age
18:54 Padded Archer Armor
19:10 Gold Mining
20:33 Crossbowman
21:15 Bodkin Arrow
23:18 Thumb Ring
24:24 Ballistics
24:33 Horse Collar
RXN SEMTEX
0:29 Loom
10:02 Feudal Age
24:02 Castle Age
22:36 Horse Collar
22:48 Fletching
22:58 Padded Archer Armor
24:14 Wheelbarrow
23:32 Gold Mining
24:54 Double-Bit Axe
24:43 Crossbowman
26:08 Thumb Ring
Connection lost

Rejoining the realm…

Still unreachable

The connection could not be restored.

Session expired

The server has moved on; the page needs a fresh start.